Capitals vs Canucks
Created - November 17, 2019 at 09:31
Goals
|
| Capitals |
1 |
0 |
0 |
1 |
| Canucks |
2 |
1 |
0 |
3 |
|
Shots
|
| Capitals |
9 |
11 |
11 |
31 |
| Canucks |
4 |
9 |
9 |
22 |
|
1st period
1. Capitals , Joe Pavelski 3 (Joe Thornton 9, Patrick Sharp 8) at 4:18
2. Canucks , Alex Goligoski 3 (Jamie McBain 12, Jason Akeson 3) at 6:54
3. Canucks , Jason Zucker 6 (Drew Fata 4, Brandon Sutter 7) at 19:53
Penalties :
Mikko Koivu (Was) for Holding (Minor) at 10:47
2nd period
4. Canucks , Kris Versteeg 10 (Drew Fata 5, James Wright 4) at 13:41
Penalties :
Josh Manson (Was) for Roughing (Minor) at 2:26
3rd period
No Goal
Penalties :
Justin Faulk (Was) for Boarding (Minor) at 1:21, Jason Zucker (Van) for Hooking (Minor) at 7:27
Goalie Stats
Tuukka Rask (Was), 19 saves from 22 shots - (0.864), L, 4-5-1, 60:00 minutes
Jacob Markstrom (Van), 30 saves from 31 shots - (0.968), W, 5-4-1, 60:00 minutes
Players Stats for Capitals
Player Name G A P +/- PIM S H SB GA TA FO MP PP MP PK MP
------------------------------------------------------------------------------------
Blake Wheeler 0 0 0 -2 0 4 3 1 0 0 0/0 12:35 0:00 0:00
Brent Seabrook 0 0 0 0 0 2 0 2 0 0 0/0 26:54 0:58 3:05
Jason Pominville 0 0 0 0 0 4 3 0 0 0 1/1 16:18 1:00 1:41
Joe Pavelski 1 0 1 0 0 4 3 0 0 1 1/3 21:38 0:59 3:23
Joe Thornton 0 1 1 0 0 6 5 0 0 1 16/26 22:14 0:59 3:37
Josh Manson 0 0 0 -1 2 0 0 0 0 2 0/0 12:42 0:00 0:00
Justin Faulk 0 0 0 -1 2 4 1 2 0 0 0/0 19:59 1:01 2:05
Michael Schumacher 0 0 0 0 0 1 1 0 0 0 0/0 7:36 0:00 0:00
Mikko Koivu 0 0 0 -2 2 1 1 0 0 0 1/3 12:45 0:00 0:00
Olli Maatta 0 0 0 -1 0 1 1 1 0 0 0/0 13:30 0:00 0:47
Ondrej Palat 0 0 0 -2 0 2 1 2 0 0 0/1 13:16 0:00 0:33
Patrick Marleau 0 0 0 0 0 0 0 0 0 0 1/2 14:34 1:00 0:00
Patrick Sharp 0 1 1 0 0 1 1 0 0 2 0/0 19:56 0:59 1:41
Ryan Getzlaf 0 0 0 0 0 0 0 0 0 0 8/15 14:37 1:00 0:00
Ryan Nugent-Hopkins 0 0 0 0 0 0 1 0 1 0 0/1 7:41 0:00 0:00
Shayne Gostisbehere 0 0 0 -1 0 1 0 1 1 1 0/0 21:04 1:01 2:57
T.J. Oshie 0 0 0 0 0 0 1 0 0 0 0/0 10:16 0:00 0:59
Victor Hedman 0 0 0 0 0 0 0 3 2 1 0/0 26:25 0:58 3:00
Players Stats for Canucks
Player Name G A P +/- PIM S H SB GA TA FO MP PP MP PK MP
------------------------------------------------------------------------------------
Alex Goligoski 1 0 1 0 0 3 1 0 0 0 0/0 25:18 3:43 1:05
Brandon Sutter 0 1 1 1 0 3 0 0 1 0 5/9 18:33 0:00 0:14
Brenden Morrow 0 0 0 0 0 1 0 0 0 0 0/1 7:15 0:00 0:29
Clarke MacArthur 0 0 0 1 0 1 0 0 0 0 0/0 12:22 0:00 0:00
Danny DeKeiser 0 0 0 1 0 1 2 1 0 0 0/0 13:38 0:00 0:00
Dennis Wideman 0 0 0 1 0 0 0 1 0 1 0/0 21:04 2:14 0:54
Drew Fata 0 2 2 1 0 1 3 3 1 0 0/0 21:04 2:14 0:54
Henrik Zetterberg 0 0 0 0 0 4 1 1 1 2 1/2 21:07 3:04 1:00
James Wright 0 1 1 0 0 1 0 1 0 0 15/33 23:19 3:04 0:00
Jamie McBain 0 1 1 0 0 0 0 0 1 0 0/0 25:18 3:43 1:05
Jason Akeson 0 1 1 1 0 1 2 0 0 0 0/0 12:38 0:00 0:00
Jason Zucker 1 0 1 1 2 1 2 3 1 0 0/1 19:59 2:53 0:00
Jordie Benn 0 0 0 1 0 0 0 0 0 1 0/0 13:38 0:00 0:00
Kris Versteeg 1 0 1 0 0 3 2 1 0 0 0/1 20:28 3:04 0:19
Marc Savard 0 0 0 1 0 0 5 0 0 0 3/4 14:56 2:53 0:00
Nick Palmieri 0 0 0 1 0 1 2 0 2 0 0/0 19:57 2:53 0:19
Robert Nilsson 0 0 0 0 0 0 0 0 0 0 0/1 1:01 0:00 1:01
Steve Bernier 0 0 0 0 0 1 0 0 1 0 0/0 6:25 0:00 0:36
3 Stars
1 - Jacob Markstrom (Van)
2 - Drew Fata (Van)
3 - Kris Versteeg (Van)
Power Play
Capitals - 0 on 1 Attempt(s) - 0.00%
Canucks - 0 on 3 Attempt(s) - 0.00%
Penalty Kill
Capitals - 3 on 3 Attempt(s) - 100.00%
- Score 0 goal in Penalty Kill
Canucks - 1 on 1 Attempt(s) - 100.00%
- Score 0 goal in Penalty Kill
Team Stat
Capitals - Hits : 22 - Faceoff Wins : 28 - Blocked Shots : 12 - Penalty Minutes : 6
Canucks - Hits : 20 - Faceoff Wins : 24 - Blocked Shots : 11 - Penalty Minutes : 2
Official
Referees : Unknown
Linesman : Unknown
Game Notes
No Game Note
Finance
Level 1 -- Attendance: 5737 (95.62%) -- Ticket Income $487,645
Level 2 -- Attendance: 5000 (100.00%) -- Ticket Income $255,000
Level 3 -- Attendance: 2000 (100.00%) -- Ticket Income $64,000
Level 4 -- Attendance: 4000 (100.00%) -- Ticket Income $80,000
Luxury Box -- Attendance: 1000 (100.00%) -- Ticket Income $100,000
Game was played at the Budweiser Coliseum.
Total Attendance: 17737 (98.54%)
Total Ticket Income: $986,645
Other Income: $147,997
Total Income: $1,134,642
Capitals
5 vs 5 Forward
Center Left Wing Right Wing Time % Phy DF OF
1 Joe Thornton Patrick Sharp Joe Pavelski 40 1 2 2
2 Ryan Getzlaf Patrick Marleau Jason Pominville 30 1 2 2
3 Mikko Koivu Ondrej Palat Blake Wheeler 20 1 2 2
4 Ryan Nugent-Hopkins Michael Schumacher T.J. Oshie 10 1 2 2
5 vs 5 Defense
Defense Defense Time % Phy DF OF
1 Brent Seabrook Victor Hedman 40 1 2 2
2 Justin Faulk Shayne Gostisbehere 30 1 2 2
3 Josh Manson Olli Maatta 20 1 2 2
4 Brent Seabrook Victor Hedman 10 1 2 2
PowerPlay Forward
Center Left Wing Right Wing Time % Phy DF OF
1 Joe Thornton Patrick Sharp Joe Pavelski 60 1 2 2
2 Ryan Getzlaf Patrick Marleau Jason Pominville 40 1 2 2
PowerPlay Defense
Defense Defense Time % Phy DF OF
1 Brent Seabrook Victor Hedman 60 1 2 2
2 Justin Faulk Shayne Gostisbehere 40 1 2 2
Penalty Kill 4 Players Forward
Center Wing Time % Phy DF OF
1 Joe Thornton Joe Pavelski 60 1 2 2
2 Jason Pominville Patrick Sharp 40 1 2 2
Penalty Kill 4 Players Defense
Defense Defense Time % Phy DF OF
1 Brent Seabrook Victor Hedman 60 1 2 2
2 Justin Faulk Shayne Gostisbehere 40 1 2 2
Penalty Kill - 3 Players Forward
Forward Time % Phy DF OF
1 Joe Thornton 60 1 2 2
2 Joe Pavelski 40 1 2 2
Penalty Kill - 3 Players Defense
Defense Defense Time % Phy DF OF
1 Brent Seabrook Victor Hedman 60 1 2 2
2 Justin Faulk Shayne Gostisbehere 40 1 2 2
4 vs 4 Forward
Center Wing Time % Phy DF OF
1 Joe Thornton Joe Pavelski 60 1 2 2
2 Jason Pominville Patrick Sharp 40 1 2 2
4 vs 4 Defense
Defense Defense Time % Phy DF OF
1 Brent Seabrook Victor Hedman 60 1 2 2
2 Justin Faulk Shayne Gostisbehere 40 1 2 2
Last Minutes Offensive
Center Left Wing Right Wing Defense Defense
Joe Thornton Patrick Sharp Joe Pavelski Brent Seabrook Victor Hedman
Last Minutes Defensive
Center Left Wing Right Wing Defense Defense
Joe Thornton Patrick Sharp Joe Pavelski Brent Seabrook Victor Hedman
Goaltenders
Starting : Tuukka Rask
Backup : Mike Smith
Extra Forwards
Normal : Blake Wheeler, Mikko Koivu, T.J. Oshie - PP : Blake Wheeler, Mikko Koivu - PK : T.J. Oshie
Extra Defensemen
Normal : Josh Manson, Olli Maatta, Justin Faulk - PP : Josh Manson - PK : Olli Maatta, Justin Faulk
Penalty Shots
Joe Thornton, Joe Pavelski, Jason Pominville, Patrick Sharp, Ryan Getzlaf
Scratches
Ryan Suter (Healthy), Thomas Vanek (Lacerated Right Calf Injury)
Canucks
5 vs 5 Forward
Center Left Wing Right Wing Time % Phy DF OF
1 James Wright Henrik Zetterberg Kris Versteeg 55 1 2 2
2 Brandon Sutter Jason Zucker Nick Palmieri 30 1 2 2
3 Marc Savard Clarke MacArthur Jason Akeson 10 1 2 2
4 James Wright Brenden Morrow Steve Bernier 5 1 2 2
5 vs 5 Defense
Defense Defense Time % Phy DF OF
1 Jamie McBain Alex Goligoski 40 1 2 2
2 Drew Fata Dennis Wideman 30 1 2 2
3 Danny DeKeiser Jordie Benn 20 1 2 2
4 Jamie McBain Alex Goligoski 10 1 2 2
PowerPlay Forward
Center Left Wing Right Wing Time % Phy DF OF
1 James Wright Henrik Zetterberg Kris Versteeg 60 1 2 2
2 Marc Savard Jason Zucker Nick Palmieri 40 1 2 2
PowerPlay Defense
Defense Defense Time % Phy DF OF
1 Jamie McBain Alex Goligoski 60 1 2 2
2 Drew Fata Dennis Wideman 40 1 2 2
Penalty Kill 4 Players Forward
Center Wing Time % Phy DF OF
1 Robert Nilsson Henrik Zetterberg 60 1 2 2
2 Kris Versteeg Nick Palmieri 40 1 2 2
Penalty Kill 4 Players Defense
Defense Defense Time % Phy DF OF
1 Jamie McBain Alex Goligoski 60 1 2 2
2 Drew Fata Dennis Wideman 40 1 2 2
Penalty Kill - 3 Players Forward
Forward Time % Phy DF OF
1 Robert Nilsson 60 1 2 2
2 Henrik Zetterberg 40 1 2 2
Penalty Kill - 3 Players Defense
Defense Defense Time % Phy DF OF
1 Jamie McBain Alex Goligoski 60 1 2 2
2 Drew Fata Dennis Wideman 40 1 2 2
4 vs 4 Forward
Center Wing Time % Phy DF OF
1 Robert Nilsson Henrik Zetterberg 60 1 2 2
2 Kris Versteeg Nick Palmieri 40 1 2 2
4 vs 4 Defense
Defense Defense Time % Phy DF OF
1 Jamie McBain Alex Goligoski 60 1 2 2
2 Drew Fata Dennis Wideman 40 1 2 2
Last Minutes Offensive
Center Left Wing Right Wing Defense Defense
Robert Nilsson Henrik Zetterberg Kris Versteeg Jamie McBain Alex Goligoski
Last Minutes Defensive
Center Left Wing Right Wing Defense Defense
Robert Nilsson Henrik Zetterberg Kris Versteeg Jamie McBain Alex Goligoski
Goaltenders
Starting : Jacob Markstrom
Backup : Alex Stalock
Extra Forwards
Normal : Brandon Sutter, Brenden Morrow, Steve Bernier - PP : Brandon Sutter, Brenden Morrow - PK : Steve Bernier
Extra Defensemen
Normal : Danny DeKeiser, Jordie Benn, Drew Fata - PP : Danny DeKeiser - PK : Jordie Benn, Drew Fata
Penalty Shots
Robert Nilsson, Henrik Zetterberg, Kris Versteeg, Nick Palmieri, Clarke MacArthur
Scratches
None
% Time on Ice - Capitals
Lines # - Real PCT - Wanted PCT - Time Play
Normal Forward
1 - 36% - 40% - 18:57
2 - 26% - 30% - 13:37
3 - 23% - 20% - 11:54
4 - 15% - 10% - 7:36
Normal Defense
1 - 38% - 40% - 20:01
2 - 32% - 30% - 16:54
3 - 24% - 20% - 12:31
4 - 5% - 10% - 2:38
PP Forward
1 - 50% - 60% - 0:59
2 - 50% - 40% - 1:00
PP Defense
1 - 49% - 60% - 0:58
2 - 51% - 40% - 1:01
PK Forward
1 - 72% - 60% - 4:16
2 - 28% - 40% - 1:41
PK Defense
1 - 51% - 60% - 3:01
2 - 49% - 40% - 2:56
PK3 Forward
1 - 0% - 60%
2 - 0% - 40%
PK3 Defense
1 - 0% - 60%
2 - 0% - 40%
44 Forward
1 - 0% - 60%
2 - 0% - 40%
44 Defense
1 - 0% - 60%
2 - 0% - 40%
Last Minute Offensive - 0:00
Last Minute Defensive - 0:00
Total
Forward - 60:00
Defense - 60:00
|
% Time on Ice - Canucks
Lines # - Real PCT - Wanted PCT - Time Play
Normal Forward
1 - 34% - 55% - 17:50
2 - 33% - 30% - 16:58
3 - 24% - 10% - 12:22
4 - 9% - 5% - 4:54
Normal Defense
1 - 37% - 40% - 19:07
2 - 34% - 30% - 17:56
3 - 26% - 20% - 13:38
4 - 3% - 10% - 1:23
PP Forward
1 - 52% - 60% - 3:04
2 - 48% - 40% - 2:53
PP Defense
1 - 62% - 60% - 3:43
2 - 38% - 40% - 2:14
PK Forward
1 - 84% - 60% - 1:40
2 - 16% - 40% - 0:19
PK Defense
1 - 55% - 60% - 1:05
2 - 45% - 40% - 0:54
PK3 Forward
1 - 0% - 60%
2 - 0% - 40%
PK3 Defense
1 - 0% - 60%
2 - 0% - 40%
44 Forward
1 - 0% - 60%
2 - 0% - 40%
44 Defense
1 - 0% - 60%
2 - 0% - 40%
Last Minute Offensive - 0:00
Last Minute Defensive - 0:00
Total
Forward - 60:00
Defense - 60:00
|
Play-by-Play
1st period
0:01 of 1st period - James Wright wins face-off versus Joe Thornton in neutral zone.
0:04 of 1st period - Snap shot by Henrik Zetterberg.
0:04 of 1st period - Shot Misses the Net.
0:26 of 1st period - Jason Pominville is hit by Alex Goligoski and loses puck.
0:55 of 1st period - Wrist shot by Marc Savard.
0:55 of 1st period - Shot Misses the Net.
1:46 of 1st period - Off-side.
1:47 of 1st period - Ryan Getzlaf wins face-off versus James Wright in neutral zone.
2:40 of 1st period - Off-side.
2:41 of 1st period - Ryan Getzlaf wins face-off versus James Wright in neutral zone.
2:50 of 1st period - Snap shot by Jason Pominville.
2:50 of 1st period - Stopped by Jacob Markstrom with a rebound.
3:33 of 1st period - Victor Hedman is hit by Henrik Zetterberg and loses puck.
3:44 of 1st period - Wrist shot by Henrik Zetterberg.
3:44 of 1st period - Shot Misses the Net.
4:14 of 1st period - Wrist shot by Joe Thornton.
4:14 of 1st period - Shot Misses the Net.
4:16 of 1st period - Slapshot by Joe Pavelski.
4:16 of 1st period - Shot Misses the Net.
4:18 of 1st period - Snap shot by Joe Pavelski.
4:18 of 1st period - Goal by Joe Pavelski - Capitals : 1 - Canucks : 0.
4:19 of 1st period - Brandon Sutter wins face-off versus Ryan Getzlaf in neutral zone.
4:50 of 1st period - Wrist shot by Blake Wheeler.
4:50 of 1st period - Shot Misses the Net.
5:19 of 1st period - Wrist shot by Brandon Sutter.
5:19 of 1st period - Deflect By Nick Palmieri.
5:19 of 1st period - Shot Misses the Net.
5:19 of 1st period - Puck is out of play.
5:20 of 1st period - Marc Savard wins face-off versus Ryan Getzlaf in Capitals zone.
5:27 of 1st period - Wrist shot by Marc Savard.
5:27 of 1st period - Shot Misses the Net.
5:29 of 1st period - Slapshot by Danny DeKeiser.
5:29 of 1st period - Stopped by Tuukka Rask with a rebound.
5:37 of 1st period - Snap shot by Clarke MacArthur.
5:37 of 1st period - Shot Misses the Net.
5:57 of 1st period - Slapshot by Brent Seabrook.
5:57 of 1st period - Stopped by Jacob Markstrom with a rebound.
6:31 of 1st period - Wrist shot by Blake Wheeler.
6:31 of 1st period - Stopped by Jacob Markstrom without a rebound.
6:32 of 1st period - James Wright wins face-off versus Mikko Koivu in Canucks zone.
6:32 of 1st period - James Wright is hit by Blake Wheeler.
6:48 of 1st period - Wrist shot by Jason Akeson.
6:48 of 1st period - Stopped by Tuukka Rask with a rebound.
6:50 of 1st period - Slapshot by Alex Goligoski.
6:50 of 1st period - Shot Misses the Net.
6:52 of 1st period - Slapshot by Jamie McBain.
6:52 of 1st period - Shot Blocked by Blake Wheeler.
6:54 of 1st period - Snap shot by Alex Goligoski.
6:54 of 1st period - Goal by Alex Goligoski - Capitals : 1 - Canucks : 1.
6:55 of 1st period - Joe Thornton wins face-off versus James Wright in neutral zone.
8:13 of 1st period - Snap shot by Blake Wheeler.
8:13 of 1st period - Stopped by Jacob Markstrom with a rebound.
8:15 of 1st period - Slapshot by Brent Seabrook.
8:15 of 1st period - Shot Blocked by Kris Versteeg.
8:27 of 1st period - Wrist shot by Patrick Sharp.
8:27 of 1st period - Deflect By Joe Thornton.
8:27 of 1st period - Shot Misses the Net.
8:27 of 1st period - Puck is out of play.
8:28 of 1st period - Brandon Sutter wins face-off versus Joe Thornton in Canucks zone.
10:10 of 1st period - Snap shot by Joe Thornton.
10:10 of 1st period - Stopped by Jacob Markstrom with a rebound.
10:47 of 1st period - Minor Penalty to Mikko Koivu for Holding.
10:48 of 1st period - Marc Savard wins face-off versus Joe Thornton in Capitals zone.
11:34 of 1st period - Slapshot by Jason Pominville.
11:34 of 1st period - Shot Blocked by Drew Fata.
11:40 of 1st period - Slapshot by Jason Pominville.
11:40 of 1st period - Stopped by Jacob Markstrom without a rebound.
11:41 of 1st period - Joe Thornton wins face-off versus James Wright in Canucks zone.
12:44 of 1st period - Justin Faulk is hit by Marc Savard and loses puck.
12:47 of 1st period - Penalty to Mikko Koivu is over, Mikko Koivu is back on ice.
13:01 of 1st period - Jordie Benn is hit by Mikko Koivu and loses puck.
13:29 of 1st period - Off-side.
13:30 of 1st period - Ryan Getzlaf wins face-off versus Henrik Zetterberg in neutral zone.
14:54 of 1st period - Nick Palmieri is hit by Michael Schumacher and loses puck.
15:23 of 1st period - Slapshot by Alex Goligoski.
15:23 of 1st period - Shot Blocked by Olli Maatta.
16:46 of 1st period - Snap shot by Blake Wheeler.
16:46 of 1st period - Deflect By Mikko Koivu.
16:46 of 1st period - Stopped by Jacob Markstrom with a rebound.
16:58 of 1st period - Justin Faulk is hit by Marc Savard and loses puck.
17:09 of 1st period - Danny DeKeiser is hit by Patrick Sharp and loses puck.
17:22 of 1st period - Brandon Sutter is hit by Jason Pominville and loses puck.
17:41 of 1st period - Jamie McBain is hit by Blake Wheeler.
17:45 of 1st period - Clarke MacArthur is hit by Ondrej Palat.
18:00 of 1st period - Clarke MacArthur is hit by Joe Pavelski and loses puck.
18:09 of 1st period - Joe Pavelski is hit by Jason Akeson and loses puck.
18:26 of 1st period - Olli Maatta is hit by Marc Savard and loses puck.
18:35 of 1st period - Danny DeKeiser is hit by Joe Pavelski.
18:39 of 1st period - Marc Savard is hit by Joe Thornton.
18:54 of 1st period - Jason Akeson is hit by Joe Thornton.
19:05 of 1st period - Dennis Wideman is hit by Joe Thornton.
19:13 of 1st period - Clarke MacArthur is hit by Joe Pavelski and loses puck.
19:18 of 1st period - Snap shot by Joe Thornton.
19:18 of 1st period - Stopped by Jacob Markstrom without a rebound.
19:19 of 1st period - Ryan Getzlaf wins face-off versus James Wright in Canucks zone.
19:49 of 1st period - Snap shot by Jason Zucker.
19:49 of 1st period - Shot Misses the Net.
19:51 of 1st period - Snap shot by Jason Zucker.
19:51 of 1st period - Shot Misses the Net.
19:53 of 1st period - Backhand shot by Drew Fata.
19:53 of 1st period - Deflect By Jason Zucker.
19:53 of 1st period - Goal by Jason Zucker - Capitals : 1 - Canucks : 2.
19:54 of 1st period - James Wright wins face-off versus Ryan Getzlaf in neutral zone.
Goals for this period are 1 for Capitals vs 2 for Canucks.
Shots for this period are 9 for Capitals vs 4 for Canucks.
2nd period
0:01 of 2nd period - Joe Thornton wins face-off versus Kris Versteeg in neutral zone.
1:16 of 2nd period - Slapshot by Drew Fata.
1:16 of 2nd period - Shot Blocked by Justin Faulk.
1:34 of 2nd period - Icing by Drew Fata.
1:35 of 2nd period - Brandon Sutter wins face-off versus Ryan Nugent-Hopkins in Canucks zone.
2:23 of 2nd period - Off-side.
2:24 of 2nd period - Joe Thornton wins face-off versus James Wright in neutral zone.
2:26 of 2nd period - Minor Penalty to Josh Manson for Roughing.
2:27 of 2nd period - Joe Thornton wins face-off versus James Wright in Capitals zone.
2:27 of 2nd period - Joe Thornton is hit by Kris Versteeg.
3:12 of 2nd period - Victor Hedman is hit by Marc Savard and loses puck.
4:26 of 2nd period - Penalty to Josh Manson is over, Josh Manson is back on ice.
4:32 of 2nd period - Snap shot by Ondrej Palat.
4:32 of 2nd period - Shot Misses the Net.
6:19 of 2nd period - Dennis Wideman is hit by Jason Pominville and loses puck.
6:55 of 2nd period - Slapshot by Blake Wheeler.
6:55 of 2nd period - Shot Blocked by Henrik Zetterberg.
7:07 of 2nd period - Drew Fata is hit by Joe Thornton and loses puck.
7:38 of 2nd period - Alex Goligoski is hit by T.J. Oshie and loses puck.
8:49 of 2nd period - Off-side.
8:50 of 2nd period - James Wright wins face-off versus Ondrej Palat in neutral zone.
8:53 of 2nd period - Blake Wheeler is hit by Drew Fata and loses puck.
8:58 of 2nd period - Backhand shot by Steve Bernier.
8:58 of 2nd period - Shot Misses the Net.
9:24 of 2nd period - Backhand shot by James Wright.
9:24 of 2nd period - Shot Hit the Post.
10:01 of 2nd period - T.J. Oshie is hit by Kris Versteeg and loses puck.
10:18 of 2nd period - Slapshot by Ryan Nugent-Hopkins.
10:18 of 2nd period - Shot Misses the Net.
10:20 of 2nd period - Slapshot by Josh Manson.
10:20 of 2nd period - Shot Misses the Net.
10:22 of 2nd period - Slapshot by Olli Maatta.
10:22 of 2nd period - Stopped by Jacob Markstrom with a rebound.
10:24 of 2nd period - Slapshot by Michael Schumacher.
10:24 of 2nd period - Deflect By T.J. Oshie.
10:24 of 2nd period - Shot Misses the Net.
10:24 of 2nd period - Puck is out of play.
10:25 of 2nd period - Marc Savard wins face-off versus Joe Thornton in Canucks zone.
10:42 of 2nd period - Snap shot by Joe Pavelski.
10:42 of 2nd period - Shot Blocked by Drew Fata.
10:58 of 2nd period - Shayne Gostisbehere is hit by Nick Palmieri and loses puck.
11:03 of 2nd period - Slapshot by Brandon Sutter.
11:03 of 2nd period - Stopped by Tuukka Rask with a rebound.
11:23 of 2nd period - Wrist shot by Ondrej Palat.
11:23 of 2nd period - Stopped by Jacob Markstrom with a rebound.
11:58 of 2nd period - Jason Zucker is hit by Ryan Nugent-Hopkins and loses puck.
12:12 of 2nd period - Icing by Victor Hedman.
12:13 of 2nd period - James Wright wins face-off versus Patrick Marleau in Capitals zone.
12:14 of 2nd period - Snap shot by Brenden Morrow.
12:14 of 2nd period - Shot Misses the Net.
12:16 of 2nd period - Wrist shot by Steve Bernier.
12:16 of 2nd period - Shot Blocked by Victor Hedman.
12:18 of 2nd period - Slapshot by James Wright.
12:18 of 2nd period - Shot Misses the Net.
12:20 of 2nd period - Snap shot by Brenden Morrow.
12:20 of 2nd period - Shot Misses the Net.
12:22 of 2nd period - Wrist shot by Dennis Wideman.
12:22 of 2nd period - Shot Misses the Net.
12:24 of 2nd period - Snap shot by Steve Bernier.
12:24 of 2nd period - Stopped by Tuukka Rask without a rebound.
12:25 of 2nd period - Henrik Zetterberg wins face-off versus Joe Thornton in Capitals zone.
12:26 of 2nd period - Snap shot by Kris Versteeg.
12:26 of 2nd period - Shot Misses the Net.
12:34 of 2nd period - Snap shot by Patrick Sharp.
12:34 of 2nd period - Stopped by Jacob Markstrom without a rebound.
12:35 of 2nd period - Joe Thornton wins face-off versus James Wright in Canucks zone.
12:36 of 2nd period - Snap shot by Joe Pavelski.
12:36 of 2nd period - Deflect By Patrick Sharp.
12:36 of 2nd period - Shot Misses the Net.
12:36 of 2nd period - Puck is out of play.
12:37 of 2nd period - Joe Thornton wins face-off versus James Wright in Canucks zone.
13:35 of 2nd period - Off-side.
13:36 of 2nd period - James Wright wins face-off versus Joe Thornton in neutral zone.
13:41 of 2nd period - Snap shot by Kris Versteeg.
13:41 of 2nd period - Goal by Kris Versteeg - Capitals : 1 - Canucks : 3.
13:42 of 2nd period - James Wright wins face-off versus Joe Pavelski in neutral zone.
13:47 of 2nd period - Snap shot by Henrik Zetterberg.
13:47 of 2nd period - Stopped by Tuukka Rask with a rebound.
13:49 of 2nd period - Snap shot by Kris Versteeg.
13:49 of 2nd period - Shot Blocked by Brent Seabrook.
13:51 of 2nd period - Snap shot by Henrik Zetterberg.
13:51 of 2nd period - Stopped by Tuukka Rask with a rebound.
13:53 of 2nd period - Wrist shot by Kris Versteeg.
13:53 of 2nd period - Deflect By James Wright.
13:53 of 2nd period - Stopped by Tuukka Rask without a rebound.
13:54 of 2nd period - James Wright wins face-off versus Joe Thornton in Capitals zone.
15:02 of 2nd period - Wrist shot by Ryan Nugent-Hopkins.
15:02 of 2nd period - Deflect By Michael Schumacher.
15:02 of 2nd period - Stopped by Jacob Markstrom with a rebound.
15:38 of 2nd period - Ryan Getzlaf is hit by Danny DeKeiser and loses puck.
15:57 of 2nd period - Snap shot by Clarke MacArthur.
15:57 of 2nd period - Stopped by Tuukka Rask without a rebound.
15:58 of 2nd period - Joe Thornton wins face-off versus James Wright in Capitals zone.
16:03 of 2nd period - Snap shot by Kris Versteeg.
16:03 of 2nd period - Stopped by Tuukka Rask without a rebound.
16:04 of 2nd period - Joe Thornton wins face-off versus James Wright in Capitals zone.
16:15 of 2nd period - Snap shot by Joe Thornton.
16:15 of 2nd period - Stopped by Jacob Markstrom without a rebound.
16:16 of 2nd period - Joe Thornton wins face-off versus James Wright in Canucks zone.
16:56 of 2nd period - Slapshot by Nick Palmieri.
16:56 of 2nd period - Shot Blocked by Justin Faulk.
17:10 of 2nd period - Snap shot by Jason Akeson.
17:10 of 2nd period - Shot Blocked by Ondrej Palat.
17:12 of 2nd period - Slapshot by Dennis Wideman.
17:12 of 2nd period - Shot Blocked by Shayne Gostisbehere.
17:14 of 2nd period - Slapshot by Drew Fata.
17:14 of 2nd period - Shot Misses the Net.
17:55 of 2nd period - Wrist shot by Brenden Morrow.
17:55 of 2nd period - Stopped by Tuukka Rask with a rebound.
18:13 of 2nd period - Josh Manson is hit by Jason Zucker and loses puck.
18:56 of 2nd period - Wrist shot by Mikko Koivu.
18:56 of 2nd period - Shot Misses the Net.
18:58 of 2nd period - Slapshot by Joe Thornton.
18:58 of 2nd period - Stopped by Jacob Markstrom with a rebound.
19:00 of 2nd period - Snap shot by Justin Faulk.
19:00 of 2nd period - Shot Blocked by James Wright.
19:02 of 2nd period - Backhand shot by Joe Pavelski.
19:02 of 2nd period - Stopped by Jacob Markstrom without a rebound.
19:03 of 2nd period - Joe Thornton wins face-off versus Brandon Sutter in Canucks zone.
19:18 of 2nd period - Snap shot by Joe Pavelski.
19:18 of 2nd period - Stopped by Jacob Markstrom with a rebound.
19:20 of 2nd period - Wrist shot by Joe Pavelski.
19:20 of 2nd period - Stopped by Jacob Markstrom with a rebound.
19:22 of 2nd period - Slapshot by Justin Faulk.
19:22 of 2nd period - Stopped by Jacob Markstrom with a rebound.
19:32 of 2nd period - Slapshot by Justin Faulk.
19:32 of 2nd period - Stopped by Jacob Markstrom without a rebound.
19:33 of 2nd period - Patrick Marleau wins face-off versus James Wright in Canucks zone.
Goals for this period are 0 for Capitals vs 1 for Canucks.
Shots for this period are 11 for Capitals vs 9 for Canucks.
3rd period
0:01 of 3rd period - Joe Thornton wins face-off versus James Wright in neutral zone.
0:16 of 3rd period - Snap shot by Joe Thornton.
0:16 of 3rd period - Stopped by Jacob Markstrom without a rebound.
0:17 of 3rd period - James Wright wins face-off versus Ryan Getzlaf in Canucks zone.
0:49 of 3rd period - Snap shot by Alex Goligoski.
0:49 of 3rd period - Stopped by Tuukka Rask with a rebound.
0:51 of 3rd period - Snap shot by Brandon Sutter.
0:51 of 3rd period - Stopped by Tuukka Rask without a rebound.
0:52 of 3rd period - Jason Pominville wins face-off versus Brandon Sutter in Capitals zone.
0:52 of 3rd period - Jason Pominville is hit by Jason Zucker.
0:58 of 3rd period - Snap shot by Brandon Sutter.
0:58 of 3rd period - Stopped by Tuukka Rask without a rebound.
0:59 of 3rd period - Ryan Getzlaf wins face-off versus Brandon Sutter in Capitals zone.
0:59 of 3rd period - Ryan Getzlaf is hit by Nick Palmieri.
1:09 of 3rd period - Snap shot by Jason Pominville.
1:09 of 3rd period - Shot Blocked by Jason Zucker.
1:21 of 3rd period - Minor Penalty to Justin Faulk for Boarding.
1:22 of 3rd period - James Wright wins face-off versus Joe Thornton in Capitals zone.
1:29 of 3rd period - Slapshot by Henrik Zetterberg.
1:29 of 3rd period - Shot Blocked by Victor Hedman.
1:53 of 3rd period - Slapshot by Alex Goligoski.
1:53 of 3rd period - Deflect By Jason Zucker.
1:53 of 3rd period - Shot Blocked by Brent Seabrook.
1:53 of 3rd period - Puck is out of play.
1:54 of 3rd period - James Wright wins face-off versus Joe Pavelski in Capitals zone.
1:55 of 3rd period - Snap shot by Henrik Zetterberg.
1:55 of 3rd period - Shot Misses the Net.
1:57 of 3rd period - Slapshot by Drew Fata.
1:57 of 3rd period - Stopped by Tuukka Rask without a rebound.
1:58 of 3rd period - James Wright wins face-off versus Joe Thornton in Capitals zone.
1:59 of 3rd period - Wrist shot by Henrik Zetterberg.
1:59 of 3rd period - Stopped by Tuukka Rask with a rebound.
2:01 of 3rd period - Wrist shot by Kris Versteeg.
2:01 of 3rd period - Shot Misses the Net.
2:03 of 3rd period - Snap shot by Kris Versteeg.
2:03 of 3rd period - Stopped by Tuukka Rask with a rebound.
2:05 of 3rd period - Snap shot by Henrik Zetterberg.
2:05 of 3rd period - Shot Misses the Net.
3:21 of 3rd period - Penalty to Justin Faulk is over, Justin Faulk is back on ice.
3:38 of 3rd period - Snap shot by Justin Faulk.
3:38 of 3rd period - Shot Misses the Net.
3:56 of 3rd period - Jason Pominville is hit by Jason Akeson and loses puck.
4:47 of 3rd period - Snap shot by Blake Wheeler.
4:47 of 3rd period - Stopped by Jacob Markstrom without a rebound.
4:48 of 3rd period - Ryan Getzlaf wins face-off versus Marc Savard in Canucks zone.
5:12 of 3rd period - Clarke MacArthur is hit by Blake Wheeler and loses puck.
6:11 of 3rd period - Slapshot by Justin Faulk.
6:11 of 3rd period - Stopped by Jacob Markstrom without a rebound.
6:12 of 3rd period - James Wright wins face-off versus Ryan Getzlaf in Canucks zone.
6:32 of 3rd period - Slapshot by Shayne Gostisbehere.
6:32 of 3rd period - Stopped by Jacob Markstrom without a rebound.
6:33 of 3rd period - Brandon Sutter wins face-off versus Mikko Koivu in Canucks zone.
6:54 of 3rd period - Snap shot by Brandon Sutter.
6:54 of 3rd period - Shot Misses the Net.
7:07 of 3rd period - Brent Seabrook is hit by Drew Fata and loses puck.
7:12 of 3rd period - Snap shot by Mikko Koivu.
7:12 of 3rd period - Shot Misses the Net.
7:14 of 3rd period - Wrist shot by Blake Wheeler.
7:14 of 3rd period - Shot Blocked by Dennis Wideman.
7:27 of 3rd period - Minor Penalty to Jason Zucker for Hooking.
7:28 of 3rd period - Joe Thornton wins face-off versus Robert Nilsson in Canucks zone.
7:58 of 3rd period - Ryan Getzlaf is hit by Drew Fata and loses puck.
9:27 of 3rd period - Penalty to Jason Zucker is over, Jason Zucker is back on ice.
9:32 of 3rd period - Wrist shot by Brenden Morrow.
9:32 of 3rd period - Shot Blocked by Ondrej Palat.
10:51 of 3rd period - Brent Seabrook is hit by Marc Savard and loses puck.
11:04 of 3rd period - Jamie McBain is hit by Jason Pominville and loses puck.
11:20 of 3rd period - Nick Palmieri is hit by Joe Thornton.
11:34 of 3rd period - Wrist shot by Ondrej Palat.
11:34 of 3rd period - Stopped by Jacob Markstrom without a rebound.
11:35 of 3rd period - Ryan Getzlaf wins face-off versus James Wright in Canucks zone.
11:36 of 3rd period - Snap shot by Patrick Marleau.
11:36 of 3rd period - Shot Misses the Net.
12:48 of 3rd period - Slapshot by Alex Goligoski.
12:48 of 3rd period - Stopped by Tuukka Rask with a rebound.
13:19 of 3rd period - Brent Seabrook is hit by Danny DeKeiser and loses puck.
13:54 of 3rd period - Brandon Sutter is hit by Olli Maatta and loses puck.
13:59 of 3rd period - Snap shot by Jason Pominville.
13:59 of 3rd period - Shot Misses the Net.
14:01 of 3rd period - Snap shot by Jason Pominville.
14:01 of 3rd period - Deflect By Patrick Marleau.
14:01 of 3rd period - Shot Blocked by Jason Zucker.
14:01 of 3rd period - Puck is out of play.
14:02 of 3rd period - James Wright wins face-off versus Joe Thornton in Canucks zone.
14:06 of 3rd period - Off-side.
14:07 of 3rd period - Joe Thornton wins face-off versus James Wright in neutral zone.
14:32 of 3rd period - Henrik Zetterberg is hit by Justin Faulk and loses puck.
14:58 of 3rd period - Wrist shot by Patrick Sharp.
14:58 of 3rd period - Shot Blocked by Drew Fata.
15:00 of 3rd period - Slapshot by Justin Faulk.
15:00 of 3rd period - Shot Hit the Post.
15:02 of 3rd period - Slapshot by Justin Faulk.
15:02 of 3rd period - Stopped by Jacob Markstrom without a rebound.
15:03 of 3rd period - Mikko Koivu wins face-off versus Jason Zucker in Canucks zone.
15:38 of 3rd period - Slapshot by Jason Pominville.
15:38 of 3rd period - Stopped by Jacob Markstrom without a rebound.
15:39 of 3rd period - Ryan Getzlaf wins face-off versus Brandon Sutter in Canucks zone.
15:42 of 3rd period - Wrist shot by Jason Pominville.
15:42 of 3rd period - Stopped by Jacob Markstrom without a rebound.
15:43 of 3rd period - Brandon Sutter wins face-off versus Ryan Getzlaf in Canucks zone.
15:57 of 3rd period - Off-side.
15:58 of 3rd period - Joe Thornton wins face-off versus James Wright in neutral zone.
16:07 of 3rd period - Slapshot by Jamie McBain.
16:07 of 3rd period - Shot Misses the Net.
16:09 of 3rd period - Slapshot by Henrik Zetterberg.
16:09 of 3rd period - Stopped by Tuukka Rask with a rebound.
16:11 of 3rd period - Slapshot by Jamie McBain.
16:11 of 3rd period - Shot Misses the Net.
16:13 of 3rd period - Backhand shot by Jamie McBain.
16:13 of 3rd period - Shot Blocked by Victor Hedman.
16:32 of 3rd period - Wrist shot by Blake Wheeler.
16:32 of 3rd period - Stopped by Jacob Markstrom with a rebound.
16:34 of 3rd period - Slapshot by Brent Seabrook.
16:34 of 3rd period - Deflect By Nick Palmieri.
16:34 of 3rd period - Stopped by Jacob Markstrom without a rebound.
16:35 of 3rd period - James Wright wins face-off versus Ryan Getzlaf in Canucks zone.
17:16 of 3rd period - Snap shot by Nick Palmieri.
17:16 of 3rd period - Stopped by Tuukka Rask with a rebound.
17:32 of 3rd period - Snap shot by Joe Thornton.
17:32 of 3rd period - Stopped by Jacob Markstrom with a rebound.
18:25 of 3rd period - Slapshot by Victor Hedman.
18:25 of 3rd period - Shot Blocked by Jason Zucker.
18:27 of 3rd period - Snap shot by Michael Schumacher.
18:27 of 3rd period - Shot Blocked by Danny DeKeiser.
19:26 of 3rd period - Icing by Alex Goligoski.
19:27 of 3rd period - Joe Pavelski wins face-off versus James Wright in Canucks zone.
19:56 of 3rd period - Icing by Mikko Koivu.
19:57 of 3rd period - Joe Thornton wins face-off versus Brenden Morrow in Capitals zone.
Goals for this period are 0 for Capitals vs 0 for Canucks.
Shots for this period are 11 for Capitals vs 9 for Canucks.
Back to the Top